 Dungeon Crawl Stone Soup version 0.29-a0-1008-g949cc1d0fb (webtiles) character file.

Game seed: 16190163021513007745

1675 concernfroge the Fighter (level 8, 0/72 HPs)
             Began as a Mummy Monk on Aug 7, 2022.
             Was a Believer of Cheibriados.
             Slain by a wight
             ... wielding a +4 hand axe of freezing
              (4 damage)
             ... on level 6 of the Dungeon.
             The game lasted 00:23:46 (7653 turns).

concernfroge the Fighter (Mummy Monk)               Turns: 7653, Time: 00:23:47

Health: 0/72       AC: 10    Str: 20    XL:     8   Next: 70%
Magic:  11/11      EV:  8    Int: 14    God:    Cheibriados [**....]
Gold:   279        SH:  0    Dex: 18    Spells: 7/7 levels left

rFire   x . .      SeeInvis +   d - +3 woodcutter's axe {vorpal}
rCold   + . .      Faith    .   (shield currently unavailable)
rNeg    + + +      Spirit   .   k - +0 chain mail
rPois   ∞          Reflect  .   j - +0 helmet {SInv}
rElec   .          Harm     .   e - +0 cloak
rCorr   .          Rampage  .   (no gloves)
Will    +....                   (no boots)
Stlth   ..........              (no amulet)
HPRegen 0.22/turn               (no ring)
MPRegen 0.12/turn               (no ring)

@: very slow
A: cold resistance 1, negative energy resistance 3, torment resistance 2, heat
vulnerability 1, in touch with death 1, no potions
a: Renounce Religion, Bend Time


You were on level 6 of the Dungeon.
You worshipped Cheibriados.
Cheibriados was pleased with you.
You visited 2 branches of the dungeon, and saw 7 of its levels.

You collected 279 gold pieces.

Inventory:

Hand Weapons
 a - a +0 spear
 d - the +3 woodcutter's axe (weapon) {vorpal}
   (You found it on level 6 of the Dungeon)

   It inflicts extra damage upon your enemies.
 p - a +0 war axe
Missiles
 h - 6 silver javelins
 r - 16 poisoned darts (quivered)
Armour
 e - a +0 cloak (worn)
 g - a scarf of harm
 j - a +0 helmet of see invisible (worn)
 k - a +0 chain mail (worn)
 m - a +0 tower shield
Wands
 l - a wand of flame (28)
Scrolls
 b - 2 scrolls of identify
 f - 2 scrolls of vulnerability
 n - a scroll of magic mapping
 q - a scroll of noise


   Skills:
 - Level 10.0 Fighting
 - Level 2.4 Polearms
 - Level 3.1 Dodging
 - Level 1.5 Stealth
 + Level 4.7 Invocations


You had 7 spell levels left.
You didn't know any spells.
Your spell library contained the following spells:

 Spells                   Type           Power      Damage    Failure   Level
 Ignite Poison            Fire/Tmut/Pois 0%         N/A       100%        3
 Mephitic Cloud           Conj/Pois/Air  0%         N/A       100%        3
 Anguish                  Hex/Necr       0%         N/A       100%        4
 Freezing Cloud           Conj/Ice/Air   0%         6-21      100%        5
 Irradiate                Conj/Tmut      0%         3d11      100%        5
 Enfeeble                 Hex            0%         N/A       100%        7
 Blade Hands              Tmut           Unusable   N/A       N/A         5
 Dragon Form              Tmut           Unusable   N/A       N/A         7

Dungeon Overview and Level Annotations

Branches:
Dungeon (6/15)             Temple (1/1) D:5

Altars:
Ashenzari
Cheibriados
Dithmenos
Hepliaklqana
Kikubaaqudgha
Makhleb
Nemelex Xobeh
Okawaru
Qazlal
Ru
Sif Muna
Trog
Uskayaw
Vehumet
Wu Jian
Xom
Yredelemnul


Innate Abilities, Weirdness & Mutations

You are immune to poison.
Your flesh is cold resistant. (rC+)
You are immune to negative energy. (rN+++)
You are immune to unholy pain and torment.
You are vulnerable to heat. (rF-)
You are in touch with the powers of death.
You do not drink.


Message History

You hit the wight but do no damage. You barely miss the iguana.
The wight barely misses you. x2; The iguana bites you.
You slash the wight!
The wight is almost destroyed.
You barely miss the iguana. The wight barely misses you. The iguana bites you!
The wight hits you but does no damage.
You hit the wight but do no damage.
The wight is almost destroyed.
You closely miss the iguana. The wight barely misses you. The iguana bites you.
The wight hits you with a +0 flail.
Okay, then.
Blink to where?
Press: ? - help, Dir - move target
As you read the scroll of blinking, it crumbles to dust.
You completely miss the wight.
The wight is almost destroyed.
The wight hits you with a +0 flail!
* * * LOW HITPOINT WARNING * * *
Okay, then.
As you read the scroll of teleportation, it crumbles to dust.
You feel strangely unstable. The wight hits you with a +0 flail!
* * * LOW HITPOINT WARNING * * *
As you read the scroll of fear, it crumbles to dust.
You assume a fearsome visage.
The iguana looks frightened!
The wight is unaffected. x2; The wight hits you with a +0 flail.
* * * LOW HITPOINT WARNING * * *
Your surroundings suddenly seem different.
Found 12 stones.
Found a stone staircase leading up.
The wight barely misses you.
There is a stone staircase leading up here.
You hit the wight.
The wight is moderately damaged.
The wight hits you with a +4 hand axe of freezing.
* * * LOW HITPOINT WARNING * * *
The wight freezes you.
* * * LOW HITPOINT WARNING * * *
You hit the wight but do no damage.
The wight is moderately damaged.
The wight hits you with a +4 hand axe of freezing.
You die...

### ## .#
..#..##.## ##. .
.........##.. ..
..........(( ...
........... ....
##........ .....
#........##......
.........@z......
.....
#.........#......
..... #.........#
#.... ....
......##..# ...
... ...... ##.# .
.# ..... #.# ##
..... ... .##
.......# .... ..#
.......# ...


You could see a wight.

Vanquished Creatures
  Sigmund (D:5)
  2 sky beasts
  A black bear (D:6)
  An ice beast (D:6)
  An orc warrior (D:4)
  A kobold brigand (D:5)
  2 bullfrogs
  A necrophage (D:5)
  3 scorpions
  A wight (D:6)
  An orc priest (D:5)
  2 jellies
  3 hounds
  An iguana (D:5)
  5 orc wizards (D:5)
  Robin (D:3)
  10 adders
  A shadow imp (D:5)
  2 white imps
  An ufetubus (D:5)
  A worm (D:4)
  3 dart slugs
  14 orcs
  6 ball pythons
  5 bats
  8 endoplasms
  4 giant cockroaches
  5 hobgoblins
  4 jackals (D:1)
  3 quokkas
  A frilled lizard (D:2)
  12 goblins
  13 kobolds
  5 rats
125 creatures vanquished.

Vanquished Creatures (collateral kills)
  An adder (D:5)
1 creature vanquished.

Vanquished Creatures (others)
  A quokka (D:5)
  A fungus (D:1)
  A plant (D:1)
3 creatures vanquished.

Grand Total: 129 creatures vanquished

Notes
Turn   | Place    | Note
-------+----------+-------------------------------------------
     0 | D:1      | concernfroge the Mummy Monk began the quest for the Orb.
     0 | D:1      | Reached XP level 1. HP: 18/18 MP: 1/1
   218 | D:1      | Reached XP level 2. HP: 24/24 MP: 2/2
   247 | D:1      | Found a faded altar of an unknown god.
   813 | D:2      | Reached skill level 4 in Fighting
   815 | D:2      | Noticed Robin
   880 | D:2      | Gained mutation: You are in touch with the powers of death.
                  | [Mummy growth]
   880 | D:2      | Reached XP level 3. HP: 7/31 MP: 3/3
  1055 | D:3      | Killed Robin
  1431 | D:3      | Reached XP level 4. HP: 38/38 MP: 4/4
  1534 | D:3      | Reached skill level 5 in Fighting
  2911 | D:2      | Reached XP level 5. HP: 46/46 MP: 5/5
  3390 | D:2      | Reached skill level 6 in Fighting
  3883 | D:4      | Noticed a sky beast
  3897 | D:4      | Killed a sky beast
  4092 | D:4      | Reached XP level 6. HP: 51/53 MP: 6/6
  4218 | D:4      | Reached skill level 7 in Fighting
  4471 | D:4      | Noticed an orc warrior
  4474 | D:4      | Killed an orc warrior
  4901 | D:5      | Entered Level 5 of the Dungeon
  5059 | D:5      | Reached skill level 8 in Fighting
  5059 | D:5      | Reached XP level 7. HP: 42/62 MP: 7/7
  5386 | D:5      | Noticed Sigmund
  5446 | D:5      | Killed Sigmund
  5447 | D:5      | Reached skill level 9 in Fighting
  6070 | D:5      | Reached XP level 8. HP: 29/72 MP: 8/8
  6149 | D:5      | Reached skill level 10 in Fighting
  6412 | D:5      | Found a staircase to the Ecumenical Temple.
  6517 | Temple   | Entered the Ecumenical Temple
  6675 | Temple   | Became a worshipper of Cheibriados the Contemplative
  6675 | Temple   | Reached * piety under Cheibriados
  6675 | Temple   | Reached ** piety under Cheibriados
  6912 | D:6      | Reached skill level 1 in Invocations
  7206 | D:6      | Found the +3 woodcutter's axe {vorpal}
  7509 | D:6      | Found a burning altar of Makhleb.
  7509 | D:6      | Found a hazy altar of Hepliaklqana.
  7519 | D:6      | Found a basalt altar of Yredelemnul.
  7519 | D:6      | Found an ornate altar of the Wu Jian Council.
  7652 | D:6      | HP: 3/72 [wight/+4 hand axe of freezing (1)]
  7653 | D:6      | Slain by a wight

Illustrated notes

Levels and vault maps discovered:
D:1:      nzn_arrival_settlement, layout_basic,
          dreamdust_ecumenical_altar_hidden_monk_grotto
D:2:      layout_loops_cross, uniq_robin
D:3:      layout_basic
D:4:      minmay_chambers_of_twos, layout_loops_ring,
          mainiacjoe_overflow_small_starburst
D:5:      layout_loops_ring, elyvilon_altar_4, minmay_temple_entry_mist,
          uniq_sigmund
D:6:      layout_cave_pools, mainiacjoe_overflow_alcove_3
Temple:   nicolae_temple_bog_church

Skill      XL: |  1  2  3  4  5  6  7  8 |
---------------+-------------------------+-----
Fighting       | 4 5 6 8 9 10 | 10.0
Dodging        | 3 |  3.1
Invocations    | 4 |  4.7
Polearms       | |  2.4
Stealth        | |  1.5

Action                   |  1- 3 |  4- 6 |  7- 9 || total
-------------------------+-------+-------+-------++-------
Melee: Spear             |   138 |   237 |       ||   375
       War axe           |       |    71 |   151 ||   222
       Battleaxe         |       |       |    12 ||    12
Throw: Dart              |     7 |     6 |    29 ||    42
       Javelin           |       |       |     3 ||     3
Invok: Bend Time         |       |       |     1 ||     1
Evoke: Wand              |       |       |    11 ||    11
  Use: Scroll            |       |     6 |    10 ||    16
 Stab: Sleeping          |     5 |       |       ||     5
Armor: Robe              |    12 |       |       ||    12
       Animal skin       |     7 |    23 |       ||    30
       Chain mail        |       |   116 |   148 ||   264
Dodge: Dodged            |    80 |    76 |    27 ||   183
Block: Tower shield      |       |    94 |   122 ||   216

Table legend: (Time is in decaauts)
 A = Elapsed time spent in this place.
 B = Non-inter-level travel time spent in this place.
 C = Inter-level travel time spent in this place.
 D = Time resting spent in this place.
 E = Time spent auto-exploring this place.
 F = Levels seen in this place.
 G = Mean time per level.
                   A        B        C        D        E       F      G
               +--------+--------+--------+--------+--------+-----+--------+
         Total |   8144 |   7709 |    435 |    144 |   6128 |   7 | 1163.4 |
       Dungeon |   7951 |   7560 |    391 |    144 |   5988 |   6 | 1325.2 |
        Temple |    192 |    149 |     43 |      0 |    140 |   1 |  192.0 |
               +--------+--------+--------+--------+--------+-----+--------+

Top non-repeatable levels by time:
     D:5: 2066 daAuts
     D:3: 1769 daAuts
     D:4: 1465 daAuts
     D:2: 1070 daAuts
     D:1: 821 daAuts
     D:6: 758 daAuts
  Temple: 192 daAuts
